A- WEST
RANCHO CUCAMONGA QUAKES @ INLAND EMPIRE 66ERS
04/14/2042
 
TOP OF THE 1ST
Rancho Cucamonga Quakes batting - Pitching for Inland Empire 66ers : RHP Esteban Martínez
Pitching: RHP Esteban Martínez
Batting: RHB Shawn Herring 0-0: Ball
1-0: Ground out 5-3 (Groundball, 5, EV 83.1 MPH)
Batting: RHB Jorge Cabrera 0-0: Ball
1-0: Called Strike
1-1: Called Strike
1-2: DOUBLE (Flyball, 78D, EV 104.4 MPH)
Batting: RHB Curt Horton 0-0: Ball
1-0: Ball
2-0: Swinging Strike
2-1: Foul Ball, location: 7LDF
2-2: Foul Ball, location: 2RF
2-2: Foul Ball, location: 2RF
2-2: Ball
3-2: Fly out, F9 (Flyball, 9LD, EV 96.9 MPH)
Runner from 2nd tags up, SAFE at 3rd, no throw by RF
Batting: LHB Randy Hamm 0-0: Ball
1-0: Ball
2-0: Foul Ball, location: 7LDF
2-1: Called Strike
2-2: Foul Ball, location: 9LSF
2-2: Foul Ball, location: 7LMF
2-2: Strikes out looking
Top of the 1st over - 0 runs, 1 hit, 0 errors, 1 left on base; Rancho Cucamonga 0 - Inland Empire 0
BOTTOM OF THE 1ST
Inland Empire 66ers batting - Pitching for Rancho Cucamonga Quakes : RHP Raúl Martínez
Pitching: RHP Raúl Martínez
Batting: RHB Pat Greer 0-0: Called Strike
0-1: SINGLE (Groundball, 4M, EV 78.8 MPH)
Batting: LHB Junior Alexander 0-0: Swinging Strike
0-1: Ball
Pat Greer steals 2nd base
1-1: Swinging Strike
1-2: Ground out U3 (Groundball, 3L, EV 76.3 MPH)
Pat Greer to third
Batting: SHB Bob Mahony 0-0: Ball
1-0: Fly out, F8 (Flyball, 8LD, EV 86.3 MPH)
Runner from 3rd tags up, SCORES, throw by CF
Batting: RHB Jerry Pearson 0-0: Called Strike
0-1: Ball
1-1: SINGLE (Line Drive, 34D, EV 95.0 MPH)
Batting: RHB Stan Ross 0-0: Ball
1-0: Ball
2-0: Swinging Strike
2-1: Foul Ball, location: 3F
2-2: Ball
3-2: Strikes out swinging
Bottom of the 1st over - 1 run, 2 hits, 0 errors, 1 left on base; Rancho Cucamonga 0 - Inland Empire 1
TOP OF THE 2ND
Rancho Cucamonga Quakes batting - Pitching for Inland Empire 66ers : RHP Esteban Martínez
Batting: RHB António Pérez 0-0: Swinging Strike
0-1: Swinging Strike
0-2: Foul Ball, location: 9LSF
0-2: Ground out 6-3 (Groundball, 6, EV 90.6 MPH)
Batting: LHB Jarred MacOmie 0-0: Ground out 6-3 (Groundball, 6M, EV 85.0 MPH)
Batting: RHB Ben Osborne 0-0: Called Strike
0-1: Foul Ball, location: 9LDF
0-2: Ball
1-2: TRIPLE (Groundball, 5L, EV 97.5 MPH)
Batting: RHB Lançarote Bullock 0-0: Swinging Strike
0-1: Ball
1-1: Ball
2-1: Fly out, F8 (Flyball, 89M, EV 77.5 MPH)
Top of the 2nd over - 0 runs, 1 hit, 0 errors, 1 left on base; Rancho Cucamonga 0 - Inland Empire 1
BOTTOM OF THE 2ND
Inland Empire 66ers batting - Pitching for Rancho Cucamonga Quakes : RHP Raúl Martínez
Batting: RHB Wilson Robles 0-0: Called Strike
0-1: Ball
1-1: Ground out 6-3 (Groundball, 56, EV 109.4 MPH)
Batting: RHB Jon MacIntosh 0-0: Ball
1-0: Swinging Strike
1-1: Ball
2-1: Foul Ball, location: 2F
2-2: Ball
3-2: Foul Ball, location: 3DF
3-2: Strikes out looking
Batting: LHB Cristián Reyes 0-0: DOUBLE (Flyball, 78D, EV 89.4 MPH)
Batting: RHB Norm Wilson 0-0: SINGLE (Groundball, 6M, EV 108.1 MPH) (infield hit)
Cristián Reyes to third
Batting: RHB Pat Greer 0-0: Fly out, F8 (Flyball, 8RD, EV 80.6 MPH)
Bottom of the 2nd over - 0 runs, 2 hits, 0 errors, 2 left on base; Rancho Cucamonga 0 - Inland Empire 1
TOP OF THE 3RD
Rancho Cucamonga Quakes batting - Pitching for Inland Empire 66ers : RHP Esteban Martínez
Batting: RHB Jesús Álvarez 0-0: Ball
1-0: Called Strike
1-1: Ground out 6-3 (Groundball, 6M, EV 85.6 MPH)
Batting: RHB Shawn Herring 0-0: Ball
1-0: Ball
2-0: Ball
3-0: Foul Ball, location: 9LMF
3-1: Foul Ball, location: 5F
3-2: Base on Balls
Batting: RHB Jorge Cabrera 0-0: Ball
Shawn Herring steals 2nd base
1-0: Ball
2-0: Swinging Strike
2-1: Foul Ball, location: 2F
2-2: Ball
3-2: Fly out, F9 (Flyball, 9D, EV 90.0 MPH)
Runner from 2nd tags up, SAFE at 3rd, no throw by RF
Batting: RHB Curt Horton 0-0: Swinging Strike
0-1: Ball
1-1: Foul Ball, location: 9LDF
1-2: Strikes out swinging
Top of the 3rd over - 0 runs, 0 hits, 0 errors, 1 left on base; Rancho Cucamonga 0 - Inland Empire 1
BOTTOM OF THE 3RD
Inland Empire 66ers batting - Pitching for Rancho Cucamonga Quakes : RHP Raúl Martínez
Batting: LHB Junior Alexander 0-0: Ball
1-0: Ball
2-0: Called Strike
2-1: Ball
3-1: Fly out, F8 (Flyball, 8LM, EV 86.3 MPH)
Batting: SHB Bob Mahony 0-0: Swinging Strike
0-1: Called Strike
0-2: Strikes out swinging
Batting: RHB Jerry Pearson 0-0: Foul Ball, location: 3FF
0-1: Ball
1-1: SOLO HOME RUN (Flyball, 9D, EV 105.6 MPH), Distance : 395 ft
Batting: RHB Stan Ross 0-0: Ball
1-0: Ball
2-0: Called Strike
2-1: Ball
3-1: Ground out 4-3 (Groundball, 4, EV 90.0 MPH)
Bottom of the 3rd over - 1 run, 1 hit, 0 errors, 0 left on base; Rancho Cucamonga 0 - Inland Empire 2
TOP OF THE 4TH
Rancho Cucamonga Quakes batting - Pitching for Inland Empire 66ers : RHP Esteban Martínez
Batting: LHB Randy Hamm 0-0: Ball
1-0: Ball
2-0: Ball
3-0: Base on Balls
Batting: RHB António Pérez 0-0: Ball
1-0: Sac Bunt to 13 - play at first, batter OUT! 1-3
Randy Hamm to second
Batting: LHB Jarred MacOmie 0-0: Fly out, F7 (Flyball, 7, EV 95.6 MPH)
Batting: RHB Ben Osborne 0-0: Ball
1-0: Ball
2-0: Called Strike
2-1: SINGLE (Groundball, 4MD, EV 97.5 MPH)
Randy Hamm to third
Runner from 3rd tries for Home, throw by CF and OUT! 8-2
Top of the 4th over - 0 runs, 1 hit, 0 errors, 1 left on base; Rancho Cucamonga 0 - Inland Empire 2
BOTTOM OF THE 4TH
Inland Empire 66ers batting - Pitching for Rancho Cucamonga Quakes : RHP Raúl Martínez
Batting: RHB Wilson Robles 0-0: Fly out, F8 (Flyball, 78M, EV 90.6 MPH)
Batting: RHB Jon MacIntosh 0-0: Ball
1-0: Swinging Strike
1-1: Ball
2-1: Foul Ball, location: 3F
2-2: Strikes out swinging
Batting: LHB Cristián Reyes 0-0: Foul Ball, location: 7LMF
0-1: Ball
1-1: Ball
2-1: Ball
3-1: Called Strike
3-2: Strikes out swinging
Bottom of the 4th over - 0 runs, 0 hits, 0 errors, 0 left on base; Rancho Cucamonga 0 - Inland Empire 2
TOP OF THE 5TH
Rancho Cucamonga Quakes batting - Pitching for Inland Empire 66ers : RHP Esteban Martínez
Batting: RHB Lançarote Bullock 0-0: Called Strike
0-1: Foul Ball, location: 2F
0-2: Ball
1-2: Ball
2-2: Foul Ball, location: 23FF
2-2: Strikes out swinging
Batting: RHB Jesús Álvarez 0-0: Swinging Strike
0-1: Ball
1-1: Ball
2-1: Ball
3-1: Called Strike
3-2: Strikes out swinging
Batting: RHB Shawn Herring 0-0: Fly out, F8 (Flyball, 8LM, EV 94.4 MPH)
Top of the 5th over - 0 runs, 0 hits, 0 errors, 0 left on base; Rancho Cucamonga 0 - Inland Empire 2
BOTTOM OF THE 5TH
Inland Empire 66ers batting - Pitching for Rancho Cucamonga Quakes : RHP Raúl Martínez
Batting: RHB Norm Wilson 0-0: Called Strike
0-1: Swinging Strike
0-2: Ball
1-2: Strikes out swinging
Batting: RHB Pat Greer 0-0: Ball
1-0: Swinging Strike
1-1: Foul Ball, location: 5DF
1-2: Ground out 5-3 (Groundball, 13, EV 91.3 MPH)
Batting: LHB Junior Alexander 0-0: Called Strike
0-1: Ball
1-1: Called Strike
1-2: Ball
2-2: Ball
3-2: Fly out, F7 (Flyball, 7S, EV 95.0 MPH)
Bottom of the 5th over - 0 runs, 0 hits, 0 errors, 0 left on base; Rancho Cucamonga 0 - Inland Empire 2
TOP OF THE 6TH
Rancho Cucamonga Quakes batting - Pitching for Inland Empire 66ers : RHP Esteban Martínez
Batting: RHB Jorge Cabrera 0-0: Ball
1-0: Ball
2-0: Ball
3-0: Called Strike
3-1: Called Strike
3-2: SINGLE (Line Drive, 6D, EV 96.9 MPH)
Pitching: RHP Jonathan Caetani
Batting: RHB Curt Horton 0-0: Ball
1-0: Foul Ball, location: 2F
1-1: Fly out, F4 (Popup, 34, EV 71.3 MPH)
Pitching: LHP Tony Martínez
Pinch Hitting: RHB Erik York 0-0: Called Strike
0-1: DOUBLE (Flyball, 8RXD, EV 108.8 MPH)
Jorge Cabrera to third
Runner from 3rd tries for Home, throw by CF and OUT! 8-4-2
Batting: RHB António Pérez 0-0: Ball
1-0: Called Strike
1-1: Ground out 6-3 (Groundball, 6, EV 83.1 MPH)
Top of the 6th over - 0 runs, 2 hits, 0 errors, 1 left on base; Rancho Cucamonga 0 - Inland Empire 2
BOTTOM OF THE 6TH
Inland Empire 66ers batting - Pitching for Rancho Cucamonga Quakes : RHP Raúl Martínez
Now at 1B: Sergio Martínez
Batting: SHB Bob Mahony 0-0: Called Strike
0-1: Foul Ball, location: 5DF
0-2: DOUBLE (Flyball, 9D, EV 91.9 MPH)
Batting: RHB Jerry Pearson 0-0: Ball
1-0: Ball
2-0: Called Strike
2-1: Called Strike
2-2: Ball
3-2: Base on Balls
Pitching: LHP Zach Williamson
Batting: RHB Stan Ross 0-0: Swinging Strike
0-1: Bunted foul
0-2: Ball
1-2: Strikes out swinging
Batting: RHB Wilson Robles 0-0: Ball
1-0: Swinging Strike
1-1: Ball
2-1: Ball
3-1: Base on Balls
Bob Mahony to third
Jerry Pearson to second
Batting: RHB Jon MacIntosh 0-0: Foul Ball, location: 9LMF
0-1: Called Strike
0-2: Strikes out swinging
Batting: LHB Cristián Reyes 0-0: Ground out U3 (Groundball, 3, EV 85.0 MPH)
Bottom of the 6th over - 0 runs, 1 hit, 0 errors, 3 left on base; Rancho Cucamonga 0 - Inland Empire 2
TOP OF THE 7TH
Rancho Cucamonga Quakes batting - Pitching for Inland Empire 66ers : LHP Tony Martínez
Batting: LHB Jarred MacOmie 0-0: Ball
1-0: Ground out U3 (Groundball, 3, EV 90.0 MPH)
Batting: RHB Ben Osborne 0-0: Foul Ball, location: 3F
0-1: Ground out 6-3 (Groundball, 6, EV 81.3 MPH)
Batting: RHB Lançarote Bullock 0-0: Foul Ball, location: 2F
0-1: Foul Ball, location: 9LSF
0-2: Ball
1-2: Foul Ball, location: 2F
1-2: Foul Ball, location: 2F
1-2: Strikes out swinging
Top of the 7th over - 0 runs, 0 hits, 0 errors, 0 left on base; Rancho Cucamonga 0 - Inland Empire 2
BOTTOM OF THE 7TH
Inland Empire 66ers batting - Pitching for Rancho Cucamonga Quakes : LHP Zach Williamson
Batting: RHB Norm Wilson 0-0: Ball
1-0: Ball
2-0: Ball
3-0: Called Strike
3-1: Foul Ball, location: 2F
3-2: Base on Balls
Batting: RHB Pat Greer 0-0: Bunted foul
0-1: Ball
Wild Pitch!
Norm Wilson to second
1-1: Intentional Walk
Batting: LHB Junior Alexander 0-0: Ball
1-0: Sac Bunt to 13 - play at first, batter OUT! 1-4
Norm Wilson to third
Pat Greer to second
Batting: SHB Bob Mahony 0-0: Intentional Walk
Batting: RHB Jerry Pearson 0-0: Ball
1-0: Grounds into fielders choice 4-2 (Groundball, 4, EV 87.5 MPH)
Pat Greer to third
Bob Mahony to second
Batting: RHB Stan Ross 0-0: Called Strike
0-1: Foul Ball, location: 5F
0-2: Foul Ball, location: 2F
0-2: Ball
1-2: Ball
2-2: Foul Ball, location: 25FF
2-2: Strikes out swinging
Bottom of the 7th over - 0 runs, 0 hits, 0 errors, 3 left on base; Rancho Cucamonga 0 - Inland Empire 2
TOP OF THE 8TH
Rancho Cucamonga Quakes batting - Pitching for Inland Empire 66ers : LHP Tony Martínez
Batting: RHB Jesús Álvarez 0-0: Swinging Strike
0-1: Ball
1-1: Fly out, F1 (Popup, 15, EV 74.4 MPH)
Batting: RHB Shawn Herring 0-0: Ball
1-0: Called Strike
1-1: Foul Ball, location: 2F
1-2: Foul Ball, location: 2F
1-2: Foul Ball, location: 25F
1-2: Ball
2-2: Strikes out swinging
Batting: RHB Jorge Cabrera 0-0: Ball
1-0: Ball
2-0: Ball
3-0: Base on Balls
Batting: RHB Curt Horton 0-0: Ball
1-0: Fly out, F3 (Popup, 34, EV 80.0 MPH)
Top of the 8th over - 0 runs, 0 hits, 0 errors, 1 left on base; Rancho Cucamonga 0 - Inland Empire 2
BOTTOM OF THE 8TH
Inland Empire 66ers batting - Pitching for Rancho Cucamonga Quakes : LHP Zach Williamson
Batting: RHB Wilson Robles 0-0: Ball
1-0: Foul Ball, location: 2F
1-1: Ball
2-1: Called Strike
2-2: Foul Ball, location: 2F
2-2: Foul Ball, location: 2F
2-2: Ball
3-2: Base on Balls
Batting: RHB Jon MacIntosh 0-0: Grounds into double play, 3-6-3 (Groundball, 3S, EV 85.6 MPH)
Batting: LHB Cristián Reyes 0-0: Called Strike
0-1: Ball
1-1: Fly out, F8 (Flyball, 8LD, EV 101.9 MPH)
Bottom of the 8th over - 0 runs, 0 hits, 0 errors, 0 left on base; Rancho Cucamonga 0 - Inland Empire 2
TOP OF THE 9TH
Rancho Cucamonga Quakes batting - Pitching for Inland Empire 66ers : LHP Tony Martínez
Pitching: LHP Mike Erickson
Now at 2B: Gil Wyatt
Now at SS: Jon MacIntosh
Pinch Hitting: RHB Jeff Grant 0-0: Ball
1-0: Fly out, F3 (Popup, 3, EV 65.6 MPH)
Batting: RHB António Pérez 0-0: Ball
1-0: Swinging Strike
1-1: Called Strike
1-2: Ball
2-2: Strikes out swinging
Pinch Hitting: RHB Doug Pearson 0-0: Ball
1-0: Swinging Strike
1-1: Hit by Pitch
Batting: RHB Ben Osborne 0-0: Ball
1-0: Ball
2-0: Called Strike
2-1: Swinging Strike
2-2: Foul Ball, location: 2F
2-2: Strikes out swinging
Top of the 9th over - 0 runs, 0 hits, 0 errors, 1 left on base; Rancho Cucamonga 0 - Inland Empire 2
Friday, May 3rd , 2024 - OOTP Baseball 24.10 Build 82